 Dungeon Crawl Stone Soup version 0.22.1-2-g9c5b331 (webtiles) character file.

6929 whitewolfNL the Basher (level 10, -8/84 HPs)
             Began as a Minotaur Berserker on Nov 27, 2018.
             Was a High Priest of Trog.
             Mangled by a spiny frog (13 damage)
             ... on level 2 of the Lair of Beasts.
             The game lasted 00:46:34 (10112 turns).

whitewolfNL the Basher (Minotaur Berserker)        Turns: 10112, Time: 00:46:34

Health: -8/84      AC: 18    Str: 23    XL:     10   Next: 80%
Magic:  12/12      EV:  9    Int:  5    God:    Trog [*****.]
Gold:   549        SH:  9    Dex: 11    Spells: 9/9 levels left

rFire    + . .     SeeInvis .   G - +0 morningstar
rCold    . . .     Gourm    .   t - +0 shield
rNeg     . . .     Faith    .   K - +0 plate armour
rPois    .         Spirit   .   (helmet restricted)
rElec    .         Reflect  .   h - +0 cloak
rCorr    .         Harm     .   H - +0 pair of gloves
MR       .....                  z - +0 pair of boots
Stlth    ..........             (no amulet)
HPRegen  0.24/turn              i - +2 ring of evasion
MPRegen  0.13/turn              j - ring of protection from fire

@: lethally poisoned (-8 -> -51), berserk cooldown, slowed, very slow
A: retaliatory headbutt, horns 2
a: Berserk, Trog's Hand, Brothers in Arms, Renounce Religion


You were on level 2 of the Lair of Beasts.
You worshipped Trog.
Trog was extremely pleased with you.
You were hungry.

You visited 2 branches of the dungeon, and saw 11 of its levels.

You collected 549 gold pieces.

Inventory:

Hand Weapons
 b - the +6 hunting sling "Addunk" {velocity, Dex+6}
   (You found it on level 8 of the Dungeon)

   Any stone fired from it inflicts extra damage.
   It affects your dexterity (+6).
 n - a +2 short sword of flaming
 y - a +0 shortbow
 G - a +0 morningstar (weapon)
 I - a +0 trident of protection
Missiles
 p - 33 sling bullets
 x - 13 bolts
 A - 33 stones (quivered)
 D - 124 arrows
Armour
 h - a +0 cloak (worn)
 t - a +0 shield (worn)
 z - a +0 pair of boots (worn)
 H - a +0 pair of gloves (worn)
 K - a +0 plate armour (worn)
Jewellery
 i - a +2 ring of evasion (left hand)
 j - a ring of protection from fire (right hand)
 M - a +3 ring of intelligence {unknown}
Wands
 a - a wand of clouds (3)
 u - a wand of digging (19)
 L - a wand of flame (37)
Scrolls
 e - 4 scrolls of magic mapping
 g - a scroll of fear
 m - a scroll of enchant armour {unknown}
 o - 12 scrolls of remove curse
 v - 2 scrolls of teleportation
 C - a scroll of identify
 E - 2 scrolls of fog
Potions
 d - 2 potions of might
 f - a potion of lignification {unknown}
 k - 2 potions of flight {unknown}
 l - 3 potions of curing
 q - a potion of mutation {unknown}
 r - 7 potions of agility
 s - 2 potions of brilliance
 w - a potion of magic {unknown}
 B - a potion of heal wounds
Miscellaneous
 J - a sack of spiders
Comestibles
 c - 19 rations
 F - a chunk of flesh


   Skills:
 + Level 6.8 Fighting
 * Level 2.0 Short Blades
 * Level 11.7 Maces & Flails
 * Level 3.2 Slings
 * Level 9.8 Armour
 * Level 6.3 Dodging
 - Level 4.0 Stealth
 - Level 4.0 Shields
 * Level 4.0 Evocations


You had 9 spell levels left.
You didn't know any spells.
Your spell library was empty.

Dungeon Overview and Level Annotations

Branches:
Dungeon (9/15)             Temple (0/1) D:6            Lair (2/6) D:9
  Swamp: Lair:2-4    Shoals: Lair:2-4     Snake: Lair:2-4    Spider: Lair:2-4
    Orc: D:9-12

Altars:
Fedhas

Shops:
D:7 }[:}


Innate Abilities, Weirdness & Mutations

You reflexively headbutt those who attack you in melee.
You have a pair of horns on your head.


Message History

You are poisoned.
The spiny frog poisons you!
You feel very sick. The spiny frog stings you!
* * * LOW HITPOINT WARNING * * *
You are lethally poisoned!
The spiny frog poisons you!
The spiny frog stings you but does no damage.
There is a stone staircase leading up, spattered with blood here.
* * * LOW HITPOINT WARNING * * *
You feel very sick. The spiny frog barely misses you. You furiously retaliate!
You headbutt the spiny frog, but do no damage.
The spiny frog stings you!
* * * LOW HITPOINT WARNING * * *
You are more poisoned.
The spiny frog poisons you!
The spiny frog stings you but does no damage.
The spiny frog stings you!
You die...

.......... ..........
###.........
#P#.........
##...........
#............ ###
####...........
#..####.#....@.......
#...###....YFFYY....
#P..........tYY.....
##<............Y....
#...................
#................$.#
#..............#....
#.........P.........
##...................


You could see 6 yaks, 2 spiny frogs and a crocodile.

Vanquished Creatures
  2 hydras (Lair:1)
  2 komodo dragons
  A hippogriff (Lair:1)
  A human (D:7)
  4 hogs (D:7)
  A hungry ghost (D:8)
  A basilisk (Lair:1)
  Menkaure (D:7)
  2 water moccasins
  Duvessa (D:7)
  4 porcupines (D:9)
  An ice beast (D:8)
  An orc warrior (D:9)
  2 sky beasts
  A black bear (D:9)
  A necrophage (D:9)
  An ogre (D:6)
  A phantom (D:9)
  2 centaurs
  A crocodile (Lair:1)
  A gnoll sergeant (D:8)
  8 bullfrogs
  Dowan (D:7)
  3 scorpions
  4 howler monkeys
  A crimson imp (D:5)
  A jelly (D:7)
  3 bullfrog zombies
  A centaur skeleton (D:8)
  2 centaur zombies
  A hound (D:6)
  7 orc wizards
  6 orc priests
  Jessica (D:3)
  2 iguanas
  8 worker ants
  A killer bee zombie (D:7)
  A hound zombie (D:5)
  6 gnolls
  A howler monkey skeleton (D:8)
  6 adders
  2 shadow imps
  2 oozes
  3 adder skeletons
  A worm (D:5)
  2 dart slugs
  3 leopard geckos
  29 orcs
  4 bats
  4 giant cockroaches
  9 hobgoblins
  4 jackals (D:4)
  6 kobolds
  2 quokkas
  5 ball pythons
  2 frilled lizards
  4 goblins
  A leopard gecko skeleton (D:6)
  6 rats
185 creatures vanquished.

Vanquished Creatures (others)
  2 fungi (D:9)
  2 plants
4 creatures vanquished.

Grand Total: 189 creatures vanquished

Notes
Turn   | Place    | Note
-------+----------+-------------------------------------------
     0 | D:1      | whitewolfNL the Minotaur Berserker began the quest for the
                  | Orb.
     0 | D:1      | Reached XP level 1. HP: 19/19 MP: 0/0
   384 | D:1      | Reached skill level 4 in Maces & Flails
   384 | D:1      | Reached XP level 2. HP: 27/27 MP: 1/1
   741 | D:1      | Reached XP level 3. HP: 26/33 MP: 2/2
   809 | D:2      | Found a faded altar of an unknown god.
  1001 | D:2      | Reached ** piety under Trog
  1159 | D:2      | You fall through a shaft!
  1480 | D:3      | Noticed Jessica
  1484 | D:3      | Killed Jessica
  1484 | D:3      | Reached skill level 1 in Stealth
  1484 | D:3      | Reached XP level 4. HP: 40/40 MP: 3/3
  1612 | D:3      | Reached skill level 5 in Maces & Flails
  1612 | D:3      | Reached XP level 5. HP: 12/47 MP: 4/4
  2819 | D:4      | Found a blossoming altar of Fedhas.
  3403 | D:5      | Entered Level 5 of the Dungeon
  3403 | D:5      | Noticed a sky beast
  3412 | D:5      | Killed a sky beast
  3412 | D:5      | Reached XP level 6. HP: 53/53 MP: 5/5
  3828 | D:5      | Reached skill level 6 in Maces & Flails
  3828 | D:5      | Reached skill level 5 in Armour
  3832 | D:5      | Reached *** piety under Trog
  4093 | D:5      | Reached XP level 7. HP: 60/60 MP: 6/6
  4506 | D:6      | Found a staircase to the Ecumenical Temple.
  4527 | D:6      | Reached skill level 5 in Fighting
  4730 | D:6      | Found a glowing drain.
  4746 | D:6      | Reached skill level 7 in Maces & Flails
  5087 | D:6      | Reached skill level 1 in Evocations
  5732 | D:7      | Reached XP level 8. HP: 19/68 MP: 7/7
  6066 | D:7      | Noticed Menkaure
  6073 | D:7      | Noticed Duvessa
  6074 | D:7      | Killed Menkaure
  6074 | D:7      | Reached skill level 8 in Maces & Flails
  6075 | D:7      | Noticed Dowan
  6082 | D:7      | Killed Dowan
  6082 | D:7      | Reached **** piety under Trog
  6094 | D:7      | Killed Duvessa
  6454 | D:7      | Found Utwamak's Armour Shoppe.
  6487 | D:7      | Found Odankywo's Book Shoppe.
  6670 | D:7      | Reached skill level 9 in Maces & Flails
  6683 | D:7      | Reached XP level 9. HP: 26/75 MP: 9/9
  7127 | D:7      | Found Uwaezoit's Gadget Boutique.
  7190 | D:7      | Found Laypnat's Gadget Shoppe.
  7412 | D:8      | Reached skill level 10 in Maces & Flails
  7481 | D:8      | Reached skill level 5 in Dodging
  8101 | D:8      | Reached skill level 1 in Shields
  8449 | D:8      | Got a faintly glowing hunting sling
  8450 | D:8      | Identified the +6 hunting sling "Addunk" {velocity, Dex+6}
                  | (You found it on level 8 of the Dungeon)
  8778 | D:9      | Reached skill level 11 in Maces & Flails
  8787 | D:9      | Reached ***** piety under Trog
  8831 | D:9      | Reached skill level 1 in Slings
  8866 | D:9      | Reached XP level 10. HP: 67/84 MP: 11/11
  9038 | D:9      | Found a staircase to the Lair.
  9045 | Lair:1   | Entered Level 1 of the Lair of Beasts
  9116 | Lair:1   | Noticed an eight-headed hydra
  9127 | Lair:1   | Killed an eight-headed hydra
  9138 | Lair:1   | Noticed a five-headed hydra
  9661 | Lair:1   | Noticed a seven-headed hydra
  9668 | Lair:1   | Killed a seven-headed hydra
  9668 | Lair:1   | Reached skill level 1 in Short Blades
 10105 | Lair:2   | Noticed a spiny frog
 10105 | Lair:2   | Noticed a spiny frog
 10112 | Lair:2   | Mangled by a spiny frog

Skill      XL: |  1  2  3  4  5  6  7  8  9 10 |
---------------+-------------------------------+-----
Maces & Flails | 4 5 6 7 9 11 | 11.7
Fighting       | 4 5 6 |  6.8
Armour         | 3 4 5 7 8 9 |  9.8
Stealth        | 1 2 3 4 |  4.0
Dodging        | 3 4 5 6 |  6.3
Evocations     | 1 2 3 4 |  4.0
Shields        | 2 4 |  4.0
Slings         | 1 3 |  3.2
Short Blades   | 2 |  2.0

Action                   |  1- 3 |  4- 6 |  7- 9 | 10-12 || total
-------------------------+-------+-------+-------+-------++-------
Melee: Mace              |    56 |   104 |    71 |       ||   231
       Headbutt          |    10 |    17 |    52 |    24 ||   103
       Morningstar       |       |       |   251 |    35 ||   286
       Short sword       |       |       |       |    44 ||    44
 Fire: Hunting sling     |       |       |     3 |    19 ||    22
Throw: Tomahawk          |       |       |     3 |       ||     3
       Throwing net      |       |       |     1 |       ||     1
Invok: Berserk           |     1 |     6 |    15 |     7 ||    29
  Use: Scroll            |       |       |    10 |     5 ||    15
       Potion            |       |       |     2 |     3 ||     5
  Eat: Chunk             |     2 |     5 |    27 |     3 ||    37
       Ration            |       |     3 |     1 |     2 ||     6
Armor: Animal skin       |     3 |       |       |       ||     3
       Ring mail         |    17 |    17 |       |       ||    34
       Plate armour      |       |    35 |   205 |   132 ||   372
Dodge: Dodged            |    50 |    58 |   166 |    55 ||   329
Block: Shield            |       |       |    34 |    60 ||    94
